 Dungeon Crawl Stone Soup version 0.19.5 (webtiles) character file.

45 Aquagraph the Stinger (level 3, -2/19 HPs)
             Began as a Deep Elf Venom Mage on Apr 27, 2017.
             Slain by a goblin (4 damage)
             ... on level 3 of the Dungeon.
             The game lasted 00:16:30 (1905 turns).

Aquagraph the Stinger (Deep Elf Venom Mage)         Turns: 1905, Time: 00:16:32

Health: -2/19      AC:  4    Str:  5    XL:     3   Next: 42%
Magic:  2/9        EV: 12    Int: 20    God:
Gold:   31         SH:  0    Dex: 15    Spells: 2 memorised, 4 levels left

rFire  . . .     SeeInvis .     i - +1 short sword (holy)
rCold  . . .     Gourm    .     g - +1 leather armour
rNeg   . . .     Faith    .     (no shield)
rPois  .         Spirit   .     (no helmet)
rElec  .         Reflect  .     (no cloak)
rCorr  .         Harm     .     (no gloves)
MR     .....                    (no boots)
Stlth  ++........               (no amulet)
                                (no ring)
                                (no ring)

@: no status effects
A: no striking features
a: no special abilities


You were on level 3 of the Dungeon.
You were not hungry.

You visited 1 branch of the dungeon, and saw 3 of its levels.

You collected 31 gold pieces.

Inventory:

Hand Weapons
 i - a +1 short sword of holy wrath (weapon)
Armour
 a - a +0 robe
 g - a +1 leather armour (worn)
Scrolls
 f - a scroll of identify {unknown}
 h - a scroll of recharging {unknown}
 j - a scroll of remove curse {unknown}
Books
 b - a Young Poisoner's Handbook

   Spells                             Type                      Level
   a - Sting                          Conjuration/Poison           1
   b - Mephitic Cloud                 Conjuration/Poison/Air       3
   c - Olgreb's Toxic Radiance        Poison                       4
   d - Alistair's Intoxication        Transmutation/Poison         5
   e - Venom Bolt                     Conjuration/Poison           5
Comestibles
 c - 2 bread rations
 d - 5 fruits


   Skills:
 + Level 0.1 Armour
 + Level 2.5 Dodging
 + Level 2.6 Stealth
 + Level 0.2 Unarmed Combat
 + Level 3.3 Spellcasting
 + Level 0.4 Conjurations
 + Level 5.3 Poison Magic


You had 4 spell levels left.
You knew the following spells:

 Your Spells              Type           Power        Failure   Level  Hunger
a - Sting                 Conj/Pois      ##..         10%         1    None
b - Mephitic Cloud        Conj/Pois/Air  ##......     34%         3    ###....


Dungeon Overview and Level Annotations

Branches:
Dungeon (3/15)

Altars:


Message History

The goblin hits you. The orc barely misses you.
You hear some strange, mumbled words.
A magic dart appears from out of thin air!
The magic dart hits you! The goblin closely misses you.
The goblin hits you but does no damage. The goblin hits you.
Casting: Sting
Confirm with . or Enter, or press ? or * to list all spells.
Okay, then.
Found a scroll labeled RANI RO JEYM.
You closely miss the goblin. The orc hits you but does no damage.
The goblin hits you. Something hits you.
It was a potion of cancellation.
You feel magically purged.
Your magical contamination has completely faded away.
The orc hits you.
* * * LOW HITPOINT WARNING * * *
Something hits you.
* * * LOW HITPOINT WARNING * * *
The goblin hits you.
You die...

########## #........#
#....?...# #........#
#........# #........#
#?@.# #go{#
##########...####
#........#...#..#
#........#...#..#.#
.#####.)......#(..#..#.#
.....'..[.....#.)....#.#
######........#..##.##.#
.................<†..#.#


You could see an orc and a goblin.

Vanquished Creatures
  An adder (D:2)
  An ooze (D:1)
  A worm (D:2)
  2 dart slugs
  A leopard gecko (D:1)
  An orc (D:3)
  A giant cockroach (D:2)
  3 goblins
  3 hobgoblins
  2 kobolds
  3 bats
  3 frilled lizards
  4 rats
26 creatures vanquished.

Notes
Turn   | Place    | Note
-------+----------+-------------------------------------------
     0 | D:1      | Aquagraph the Deep Elf Venom Mage began the quest for the Orb.
     0 | D:1      | Reached XP level 1. HP: 10/10 MP: 6/6
   334 | D:1      | Reached XP level 2. HP: 15/15 MP: 5/8
   651 | D:2      | Reached skill level 5 in Poison Magic
   888 | D:2      | Reached XP level 3. HP: 11/19 MP: 4/9
  1829 | D:3      | Learned a level 3 spell: Mephitic Cloud
  1905 | D:3      | Slain by a goblin

Skill      XL: |  1  2 |
---------------+-------+-----
Poison Magic   | 5 |  5.3
Armour         | |  0.1
Dodging        | |  2.5
Stealth        | |  2.6
Unarmed Combat | |  0.2
Spellcasting   | |  3.3
Conjurations   | |  0.4

Action                   || total
-------------------------++-------
Melee: Unarmed           ||    38
       Short sword       ||     7
 Cast: Sting             ||    60
       Mephitic Cloud    ||     1
  Use: Potion            ||     3
       Scroll            ||     1
 Stab: Sleeping          ||     1
  Eat: Bread ration      ||     1
       Beef jerky        ||     1
Armor: Leather armour    ||    15
       Robe              ||     1
Dodge: Dodged            ||    46
